 Dungeon Sprint DCSS version 0.28-a0-425-gd0eccab798 (webtiles) character file.

Game seed: 18429626286706952283

177 Conn the Arsonist (level 5, -1/31 HPs)
             Began as an Octopode Fire Elementalist on Sept 9, 2021.
             Succumbed to a scorpion's poison
             ... in the Dungeon (Sprint II: "The Violet Keep of Menkaure").
             The game lasted 00:01:03 (24 turns).

Conn the Arsonist (Octopode Fire Elementalist)        Turns: 24, Time: 00:01:03

Health: -1/31      AC:  1    Str:  7    XL:     5   Next: 57%
Magic:  5/12       EV: 14    Int: 18    God:
Gold:   0          SH:  0    Dex: 13    Spells: 12/13 levels left

rFire   . . .      SeeInvis .     - Unarmed
rCold   . . .      Faith    .   (no shield)
rNeg    . . .      Spirit   .   (helmet restricted)
rPois   .          Reflect  .   (no amulet)
rElec   .          Harm     .   (no ring)
rCorr   .          Rampage  .   (no ring)
Will    .....      NoTele   +   (no ring)
Stlth   +++.......              (no ring)
HPRegen 0.10/turn               (no ring)
MPRegen 0.13/turn               (no ring)
                                (no ring)
                                (no ring)

@: lethally poisoned (-1 -> -10), on berserk cooldown, hasted and slowed
A: almost no armour, amphibious, 8 rings, camouflage 1, gelatinous body 1,
(nimble swimmer 1), tentacles
a: no special abilities


You were in the Dungeon.
You visited 1 branch

Inventory:

Scrolls
 f - a scroll of blinking
Potions
 a - a potion of curing
 b - a potion of heal wounds
 d - 2 potions of magic


   Skills:
 + Level 3.3 Dodging
 + Level 4.0 Stealth
 + Level 1.7 Unarmed Combat
 * Level 4.8 Spellcasting
 * Level 3.9 Conjurations
 * Level 8.6 Fire Magic


You had 12 spell levels left.
You knew the following spells:

 Your Spells              Type           Power      Damage    Failure   Level
a - Foxfire               Conj/Fire      100%       2x1d9     1%          1

Your spell library contained the following spells:

 Spells                   Type           Power      Damage    Failure   Level
 Scorch                   Fire           70%        2d9       1%          2
 Conjure Flame            Conj/Fire      26%        6-21      3%          3
 Inner Flame              Hex/Fire       19%        N/A       7%          3
 Flame Wave               Conj/Fire      26%        3d6       11%         4


Dungeon Overview and Level Annotations

Branches:
Dungeon (1/1)

Altars:


Innate Abilities, Weirdness & Mutations

You cannot wear most types of armour.
You are amphibious.
You can wear up to eight rings at the same time.
Your skin changes colour to match your surroundings (Stealth+).
Your rubbery body absorbs attacks. (AC +1, EV +1)
((You are camouflaged near water. (Stealth+)))
You have tentacles for arms and can constrict up to eight enemies at once.


Message History

You feel very sick. The scorpion misses you.
You tentacle-slap the scorpion.
The scorpion is severely wounded.
You constrict the scorpion, but do no damage.
* * * LOW HITPOINT WARNING * * *
You feel sick.
You tentacle-slap the scorpion but do no damage.
The scorpion is severely wounded.
You constrict the scorpion.
* * * LOW HITPOINT WARNING * * *
You feel sick. The scorpion closely misses you.
You tentacle-slap the scorpion.
The scorpion is almost dead.
You constrict the scorpion.
* * * LOW HITPOINT WARNING * * *
You feel sick. The scorpion misses you.
You bludgeon the scorpion!
You kill the scorpion!
* * * LOW HITPOINT WARNING * * *
You feel sick.
Your Stealth skill increases to level 4!
Your Fire Magic skill increases to level 8!
Unknown command.
You tentacle-slap the scorpion. You grab the scorpion.
The scorpion is lightly wounded.
You constrict the scorpion, but do no damage.
* * * LOW HITPOINT WARNING * * *
You feel sick. The scorpion barely misses you.
You tentacle-slap the scorpion.
The scorpion is heavily wounded.
You constrict the scorpion, but do no damage.
* * * LOW HITPOINT WARNING * * *
You feel sick. The scorpion closely misses you.
You tentacle-slap the scorpion but do no damage.
The scorpion is heavily wounded.
You are no longer berserk.
You are exhausted.
You feel yourself slow down.
You constrict the scorpion.
You die...

### ###
.. .. #
.#. #l
#s#
#.##@##
#+.<.+
#$##.##
#l #+#
#


You could see a scorpion.

Vanquished Creatures
  3 scorpions (D)
3 creatures vanquished.

Notes
Turn   | Place    | Note
-------+----------+-------------------------------------------
     0 | D        | Conn the Octopode Fire Elementalist began the quest for the
                  | Orb.
     0 | D        | Reached XP level 1. HP: 11/11 MP: 3/3
     1 | D        | Noticed a wyvern
     1 | D        | Noticed a wyvern
     4 | D        | Noticed a scorpion
     4 | D        | Noticed a scorpion
     4 | D        | Noticed a scorpion
     4 | D        | Noticed a scorpion
    11 | D        | Killed a scorpion
    12 | D        | Reached skill level 6 in Fire Magic
    12 | D        | Reached XP level 2. HP: 17/17 MP: 3/6
    12 | D        | Reached XP level 3. HP: 21/21 MP: 4/8
    12 | D        | Reached XP level 4. HP: 27/27 MP: 4/9
    15 | D        | Killed a scorpion
    16 | D        | Reached skill level 1 in Unarmed Combat
    16 | D        | Reached skill level 7 in Fire Magic
    16 | D        | Reached XP level 5. HP: 22/31 MP: 4/11
    22 | D        | Reached skill level 8 in Fire Magic
    22 | D        | HP: 2/46 [poisoned by a scorpion]
    24 | D        | Succumbed to a scorpion's poison

Illustrated notes

Levels and vault maps discovered:
D:        the_violet_keep_of_menkaure [sprint2_stairs_cluster_1,
          sprint2_shoproom, sprint2_temple, sprint2_basic_supplies,
          sprint2_obstacle_5, sprint2_obstacle_2, sprint2_obstacle_3,
          sprint2_obstacle_1, sprint2_obstacle_7, sprint2_timed_cluster_1,
          sprint2_smallroom_cluster_1, sprint2_smallroom_final_cluster_1,
          sprint2_transparent_cluster_1, sprint2_second_timed_cluster_1,
          sprint2_sniper_area_1, sprint2_heavy_combat_area_1,
          sprint2_mutation_trap_area_1, sprint2_forest_area_1,
          sprint2_light_combat_area_1, sprint2_behind_water_1,
          sprint2_near_end_vault_1]

Skill      XL: |  1  2  3  4  5 |
---------------+----------------+-----
Stealth        | 3 4 |  4.0
Spellcasting   | 3 4 |  4.8
Conjurations   | 2 3 |  3.9
Fire Magic     | 6 7 8 |  8.6
Dodging        | 3 |  3.3
Unarmed Combat | 1 |  1.7

Action                   |  1- 3 |  4- 6 || total
-------------------------+-------+-------++-------
Melee: Unarmed           |     5 |    13 ||    18
       Tentacles         |     1 |     2 ||     3
       Constrict         |     1 |     3 ||     4
  Use: Potion            |     2 |       ||     2
Armor: Skin              |     1 |       ||     1
Dodge: Dodged            |       |     6 ||     6

Table legend: (Time is in decaauts)
 A = Elapsed time spent in this place.
 B = Non-inter-level travel time spent in this place.
 C = Inter-level travel time spent in this place.
 D = Time resting spent in this place.
 E = Time spent auto-exploring this place.
 F = Levels seen in this place.
 G = Mean time per level.
                   A        B        C        D        E       F      G
               +--------+--------+--------+--------+--------+-----+--------+
         Total |     17 |     17 |      0 |      0 |      0 |   1 |   17.0 |
       Dungeon |     17 |     17 |      0 |      0 |      0 |   1 |   17.0 |
               +--------+--------+--------+--------+--------+-----+--------+

Top non-repeatable levels by time:
       D: 17 daAuts
